 Dungeon Crawl Stone Soup version 0.29.0-4-gdea44cf6ec (webtiles) character file.

Game seed: 11915986951557240006

3274 qw the Grappler (level 9, -6/82 (88) HPs)
             Began as a Troll Cinder Acolyte on Sept 2, 2022.
             Was a Priest of Ignis.
             Succumbed to Amaemon's poison
             ... on level 8 of the Dungeon.
             The game lasted 00:03:12 (6771 turns).

qw the Grappler (Troll Cinder Acolyte)              Turns: 6771, Time: 00:03:12

HP:   -6/82 (88)    AC: 11    Str: 34    XL:     9   Next: 68%
MP:   9/9           EV: 10    Int: 10    God:    Ignis [***...]
Gold: 309           SH:  0    Dex: 11    Spells: 10/10 levels left

rFire   + . .      SeeInvis .     - Unarmed
rCold   . . .      Faith    .   (no shield)
rNeg    . . .      Spirit   .   a - +0 robe
rPois   .          Reflect  .   (helmet restricted)
rElec   .          Harm     .   (no cloak)
rCorr   .          Rampage  .   (gloves unavailable)
Will    .....                   (boots unavailable)
Stlth   +.........              (no amulet)
HPRegen 1.03/turn               c - +6 ring of strength
MPRegen 0.11/turn               e - +6 ring of dexterity

@: lethally poisoned (-6 -> -44), about to teleport, fiery-armoured, drained
A: large, unfitting armour, claws 3, regeneration 1, shaggy fur 1, tough skin 1
a: Renounce Religion, Fiery Armour, Foxfire Swarm, Rising Flame


You were on level 8 of the Dungeon.
You worshipped Ignis.
Ignis was most pleased with you.
You visited 1 branch of the dungeon, and saw 8 of its levels.

You collected 309 gold pieces.


Innate Abilities, Weirdness & Mutations

You are too large for most types of armour.
You have claws for hands.
Your natural rate of healing is unusually fast.
You are covered in fur. (AC +1)
You have tough skin. (AC +1)


   Skills:
 - Level 5.0 Fighting
 - Level 3.0 Throwing
 - Level 2.3 Dodging
 + Level 12.0 Unarmed Combat
 - Level 1.0 Spellcasting
 - Level 2.1 Fire Magic


You had 10 spell levels left.
You didn't know any spells.
Your spell library contained the following spells:

 Spells                   Type           Power      Damage    Failure   Level
 Scorch                   Fire           8%         2d5       22%         2

Inventory:

Missiles
 k - 6 javelins (quivered)
Armour
 a - a +0 robe (worn)
Jewellery
 c - a +6 ring of strength (left claw)
 e - a +6 ring of dexterity (right claw)
Scrolls
 d - a scroll of identify
 h - 3 scrolls of teleportation
Potions
 b - a potion of attraction {unknown}
 f - 2 potions of might
 g - 2 potions of haste
 i - a potion of curing

Dungeon Overview and Level Annotations

Branches:
Dungeon (8/15)             Temple (0/1) D:4
   Lair: D:8-11

Altars:
Ashenzari
Fedhas
Gozag
Nemelex Xobeh
Okawaru
Ru
Sif Muna
Yredelemnul

Annotations:
D:8 Amaemon


Message History

a +0 robe; a +2 mace
k - 5 javelins (gained 3)
k - 6 javelins (gained 1) Amaemon hits you with a +0 demon whip of venom!
You are poisoned.
Amaemon claws you! Amaemon tail-slaps you.
You are more poisoned.
Amaemon poisons you!
You barely miss Amaemon.
You feel extremely sick.
You mangle Amaemon!!
Amaemon is moderately wounded.
You feel extremely sick. Amaemon barely misses you. Amaemon claws you.
Amaemon tail-slaps you.
You are lethally poisoned!
Amaemon poisons you!
6769 ||| INVOKING Fiery Armour.
A protective cloak of flame settles atop you.
You feel extremely sick. Amaemon misses you.
Amaemon claws you but does no damage.
Amaemon is burned by your cloak of flames.
Amaemon is moderately wounded.
Amaemon tail-slaps you but does no damage.
Amaemon is burned by your cloak of flames.
Amaemon is heavily wounded.
You mangle Amaemon!!
Amaemon is almost dead.
You feel extremely sick.
Amaemon hits you with a +0 demon whip of venom.
You are more poisoned.
Amaemon is burned by your cloak of flames.
Amaemon is almost dead.
Amaemon claws you.
Amaemon is burned by your cloak of flames.
Amaemon is almost dead.
Amaemon barely misses you.
6771 ||| READING 4 scrolls of teleportation.
As you read the scroll of teleportation, it crumbles to dust.
You feel strangely unstable.
You die...

..## ##......#)..........s6#
.## ##........<..........@s.#
##
##...............#....zsz.# #
##...............###......z.#
# ##................#
###.......
####.[..............##
##......
.##.................# #......
..#[................# ##.....
#.[#............@..##
##.##........#...6.#
##.###....##.........
..########........... #..#
#............ #.#
#............. #.
#............. ..
.............. ..


You could see Amaemon.

Vanquished Creatures
  Joseph (D:8)
  An orange demon (D:8)
  A wyvern (D:7)
  A steam dragon (D:7)
  Menkaure (D:4)
  A water moccasin (D:6)
  Duvessa (D:4)
  An orc warrior (D:8)
  An ice beast (D:3)
  3 centaurs
  An ogre (D:6)
  A phantom (D:6)
  4 scorpions
  A bullfrog (D:8)
  3 wights (D:8)
  Dowan (D:4)
  5 killer bees (D:8)
  2 jellies
  2 electric eels (D:7)
  5 hounds
  An orc priest (D:7)
  3 iguanas
  5 orc wizards
  3 gnolls (D:5)
  8 adders
  3 shadow imps
  A white imp (D:5)
  A worm (D:3)
  2 dart slugs (D:1)
  15 orcs
  4 ball pythons
  2 endoplasms
  4 giant cockroaches
  10 goblins
  5 hobgoblins
  5 jackals
  5 kobolds
  4 quokkas
  10 bats
  7 frilled lizards
  4 rats
139 creatures vanquished.

Notes
Turn   | Place    | Note
-------+----------+-------------------------------------------
     0 | D:1      | qw the Troll Cinder Acolyte began the quest for the Orb.
     0 | D:1      | Reached XP level 1. HP: 22/22 MP: 1/1
     0 | D:1      | 0 ||| qw: Version: 0.1-a-97-g2dd2ca4
     0 | D:1      | 0 ||| qw: Game counter: 5006
     0 | D:1      | 0 ||| qw: Always use a shield: true
     0 | D:1      | 0 ||| qw: God list: Okawaru
     0 | D:1      | 0 ||| qw: Allow faded altars: false
     0 | D:1      | 0 ||| qw: Do Orc after D:15 true
     0 | D:1      | 0 ||| qw: Do second Lair branch before Depths: true
     0 | D:1      | 0 ||| qw: Lair rune preference: random
     0 | D:1      | 0 ||| qw: Plans: Normal
     0 | D:1      | 0 ||| PLANNING D:1-11
    54 | D:1      | 54 ||| Stepping ~*~*~tactically~*~*~ (outnumbered).
    66 | D:1      | Reached XP level 2. HP: 29/29 MP: 2/2
   129 | D:1      | 129 ||| Stepping ~*~*~tactically~*~*~ (stealth).
   209 | D:1      | You fall into a shaft and drop 1 floor!
   268 | D:2      | Reached skill level 4 in Unarmed Combat
   297 | D:2      | 297 ||| READING scroll labelled IDULYRUESI.
   298 | D:2      | 298 ||| READING scroll labelled KAGAAC LOSCHUAXT.
   299 | D:2      | 299 ||| READING scroll labelled GISOHE IN HAGU.
   310 | D:2      | 310 ||| READING scroll labelled BINNUK DAC JUGETE.
   341 | D:2      | Reached XP level 3. HP: 36/36 MP: 3/3
  1017 | D:1      | Found a faded altar of an unknown god.
  1129 | D:1      | 1129 ||| DRINKING 2 orange potions.
  1259 | D:2      | 1259 ||| Stepping ~*~*~tactically~*~*~ (stealth).
  1262 | D:2      | 1262 ||| Stepping ~*~*~tactically~*~*~ (stealth).
  1269 | D:2      | 1269 ||| Stepping ~*~*~tactically~*~*~ (stealth).
  1781 | D:2      | 1781 ||| DROPPING +6 ring of intelligence.
  1782 | D:2      | 1782 ||| READING 2 scrolls labelled VYLYPO ZINI.
  1783 | D:2      | 1783 ||| DRINKING 3 blue potions.
  1818 | D:3      | Reached skill level 5 in Unarmed Combat
  1818 | D:3      | Reached XP level 4. HP: 42/44 MP: 4/4
  1854 | D:3      | 1854 ||| Stepping ~*~*~tactically~*~*~ (stealth).
  1856 | D:3      | 1856 ||| Stepping ~*~*~tactically~*~*~ (stealth).
  1858 | D:3      | 1858 ||| Stepping ~*~*~tactically~*~*~ (stealth).
  2002 | D:3      | Found an opulent altar of Gozag.
  2050 | D:3      | Noticed an ice beast
  2058 | D:3      | Killed an ice beast
  2059 | D:3      | Reached skill level 6 in Unarmed Combat
  2059 | D:3      | Reached XP level 5. HP: 50/50 MP: 5/5
  2430 | D:3      | Found a basalt altar of Yredelemnul.
  2611 | D:3      | 2611 ||| Stepping ~*~*~tactically~*~*~ (stealth).
  2701 | D:3      | 2701 ||| UPGRADING to +6 ring of strength.
  2702 | D:3      | 2702 ||| DRINKING 2 pink potions.
  2703 | D:3      | 2703 ||| DRINKING 2 bubbling inky potions.
  2808 | D:3      | 2808 ||| DROPPING potion of degeneration.
  2809 | D:3      | 2809 ||| DROPPING potion of berserk rage.
  2838 | D:4      | Noticed Duvessa
  2838 | D:4      | Noticed Dowan
  2839 | D:4      | 2839 ||| INVOKING Fiery Armour.
  2851 | D:4      | Killed Duvessa
  2852 | D:4      | Reached skill level 7 in Unarmed Combat
  2852 | D:4      | Reached XP level 6. HP: 39/59 MP: 6/6
  2854 | D:4      | Killed Dowan
  2883 | D:4      | Found a staircase to the Ecumenical Temple.
  2892 | D:4      | Found a broken altar of Ashenzari.
  2901 | D:4      | 2901 ||| Stepping ~*~*~tactically~*~*~ (hiding).
  3055 | D:4      | Noticed Menkaure
  3056 | D:4      | 3056 ||| Stepping ~*~*~tactically~*~*~ (hiding).
  3062 | D:4      | Killed Menkaure
  3063 | D:4      | Reached skill level 8 in Unarmed Combat
  3063 | D:4      | Reached XP level 7. HP: 66/66 MP: 7/7
  3482 | D:4      | Found a shimmering blue altar of Sif Muna.
  3504 | D:4      | 3504 ||| Stepping ~*~*~tactically~*~*~ (stealth).
  3505 | D:4      | 3505 ||| Stepping ~*~*~tactically~*~*~ (stealth).
  3510 | D:4      | Reached skill level 1 in Throwing
  3770 | D:4      | 3770 ||| READING scroll labelled CERUYN FUDGHE.
  3771 | D:4      | 3771 ||| READING scroll labelled ADEWIQ QIDGHI.
  3805 | D:5      | Entered Level 5 of the Dungeon
  3833 | D:5      | 3833 ||| Stepping ~*~*~tactically~*~*~ (hiding).
  3845 | D:5      | Reached skill level 3 in Fighting
  3866 | D:5      | 3866 ||| Stepping ~*~*~tactically~*~*~ (stealth).
  3870 | D:5      | 3870 ||| Stepping ~*~*~tactically~*~*~ (hiding).
  4115 | D:5      | Reached skill level 9 in Unarmed Combat
  4126 | D:5      | Found a blossoming altar of Fedhas.
  4129 | D:5      | 4129 ||| STAIRDANCE
  4176 | D:4      | 4176 ||| UPGRADING to +6 ring of dexterity.
  4177 | D:4      | 4177 ||| DRINKING 2 fizzy dark potions.
  4180 | D:5      | 4180 ||| STAIRDANCE
  4188 | D:4      | Reached skill level 1 in Dodging
  4200 | D:5      | 4200 ||| STAIRDANCE
  4209 | D:5      | 4209 ||| Stepping ~*~*~tactically~*~*~ (hiding).
  4599 | D:6      | Reached XP level 8. HP: 74/75 MP: 8/8
  4748 | D:6      | 4748 ||| Stepping ~*~*~tactically~*~*~ (hiding).
  4749 | D:6      | 4749 ||| Stepping ~*~*~tactically~*~*~ (stealth).
  4766 | D:6      | 4766 ||| Stepping ~*~*~tactically~*~*~ (stealth).
  4787 | D:6      | 4787 ||| Stepping ~*~*~tactically~*~*~ (stealth).
  4795 | D:6      | 4795 ||| Stepping ~*~*~tactically~*~*~ (stealth).
  4798 | D:6      | 4798 ||| Stepping ~*~*~tactically~*~*~ (stealth).
  4799 | D:6      | 4799 ||| Stepping ~*~*~tactically~*~*~ (stealth).
  4802 | D:6      | 4802 ||| Stepping ~*~*~tactically~*~*~ (stealth).
  4952 | D:6      | Reached skill level 10 in Unarmed Combat
  5199 | D:6      | 5199 ||| READING scroll labelled ZILIDO OTICO.
  5200 | D:6      | 5200 ||| READING 2 scrolls labelled IGHOBR PIBROSE.
  5201 | D:6      | 5201 ||| READING scroll labelled HYEQUO WUTOCAUL.
  5202 | D:6      | 5202 ||| DRINKING 3 fuming blue potions.
  5203 | D:6      | 5203 ||| READING 2 scrolls of identify.
  5203 | D:6      | 5203 ||| IDENTIFYING bubbling purple potion
  5204 | D:6      | 5204 ||| DROPPING potion of lignification.
  5205 | D:6      | 5205 ||| DROPPING scroll of amnesia.
  5247 | D:7      | Found a sparkling altar of Nemelex Xobeh.
  5250 | D:7      | 5250 ||| Stepping ~*~*~tactically~*~*~ (hiding).
  5352 | D:7      | 5352 ||| Stepping ~*~*~tactically~*~*~ (hiding).
  5371 | D:7      | 5371 ||| Stepping ~*~*~tactically~*~*~ (stealth).
  5375 | D:7      | 5375 ||| Stepping ~*~*~tactically~*~*~ (hiding).
  5789 | D:7      | 5789 ||| Stepping ~*~*~tactically~*~*~ (stealth).
  5791 | D:7      | 5791 ||| Stepping ~*~*~tactically~*~*~ (stealth).
  5793 | D:7      | 5793 ||| Stepping ~*~*~tactically~*~*~ (hiding).
  5795 | D:7      | Found an iron altar of Okawaru.
  6026 | D:7      | 6026 ||| FLEEEEING.
  6027 | D:7      | 6027 ||| INVOKING Fiery Armour.
  6028 | D:7      | 6028 ||| FLEEEEING.
  6029 | D:7      | 6029 ||| FLEEEEING.
  6030 | D:7      | 6030 ||| FLEEEEING.
  6031 | D:7      | 6031 ||| FLEEEEING.
  6032 | D:7      | 6032 ||| FLEEEEING.
  6075 | D:7      | 6075 ||| Stepping ~*~*~tactically~*~*~ (stealth).
  6076 | D:7      | 6076 ||| FLEEEEING.
  6078 | D:7      | 6078 ||| FLEEEEING.
  6091 | D:7      | 6091 ||| FLEEEEING.
  6092 | D:7      | 6092 ||| FLEEEEING.
  6093 | D:7      | 6093 ||| FLEEEEING.
  6127 | D:7      | 6127 ||| INVOKING Fiery Armour.
  6128 | D:7      | 6128 ||| FLEEEEING.
  6129 | D:7      | 6129 ||| FLEEEEING.
  6167 | D:7      | Reached XP level 9. HP: 82/84 MP: 9/9
  6184 | D:7      | 6184 ||| READING 2 scrolls of identify.
  6184 | D:7      | 6184 ||| IDENTIFYING clear potion
  6185 | D:7      | 6185 ||| DROPPING potion of ambrosia.
  6211 | D:8      | 6211 ||| Stepping ~*~*~tactically~*~*~ (hiding).
  6213 | D:8      | 6213 ||| Stepping ~*~*~tactically~*~*~ (hiding).
  6221 | D:8      | Reached skill level 11 in Unarmed Combat
  6268 | D:8      | 6268 ||| Stepping ~*~*~tactically~*~*~ (stealth).
  6288 | D:8      | Found a sacrificial altar of Ru.
  6289 | D:8      | 6289 ||| Stepping ~*~*~tactically~*~*~ (hiding).
  6298 | D:8      | Reached skill level 3 in Throwing
  6306 | D:8      | 6306 ||| INVOKING Fiery Armour.
  6315 | D:8      | 6315 ||| Stepping ~*~*~tactically~*~*~ (stealth).
  6322 | D:8      | 6322 ||| Stepping ~*~*~tactically~*~*~ (stealth).
  6324 | D:8      | 6324 ||| Stepping ~*~*~tactically~*~*~ (stealth).
  6337 | D:8      | 6337 ||| Stepping ~*~*~tactically~*~*~ (stealth).
  6452 | D:8      | Noticed an orange demon
  6453 | D:8      | Noticed Amaemon
  6454 | D:8      | Noticed Joseph
  6458 | D:8      | 6458 ||| INVOKING Fiery Armour.
  6460 | D:8      | HP: 19/84 [poisoned by Amaemon]
  6461 | D:8      | 6461 ||| READING 5 scrolls of teleportation.
  6462 | D:8      | 6462 ||| DRINKING 2 potions of heal wounds.
  6462 | D:8      | Killed an orange demon
  6463 | D:8      | 6463 ||| Stepping ~*~*~tactically~*~*~ (outnumbered).
  6464 | D:8      | 6464 ||| DRINKING potion of heal wounds.
  6466 | D:8      | HP: 19/84 [poisoned by an orange demon]
  6471 | D:8      | HP: 12/84 [poisoned by an orange demon]
  6476 | D:8      | HP: 12/84 [poisoned by an orange demon]
  6613 | D:8      | 6613 ||| Stepping ~*~*~tactically~*~*~ (hiding).
  6614 | D:8      | 6614 ||| Stepping ~*~*~tactically~*~*~ (hiding).
  6660 | D:8      | 6660 ||| Stepping ~*~*~tactically~*~*~ (stealth).
  6662 | D:8      | 6662 ||| Stepping ~*~*~tactically~*~*~ (hiding).
  6665 | D:8      | Reached skill level 12 in Unarmed Combat
  6671 | D:8      | Killed Joseph
  6672 | D:8      | 6672 ||| FLEEEEING.
  6674 | D:8      | 6674 ||| FLEEEEING.
  6675 | D:8      | 6675 ||| FLEEEEING.
  6676 | D:8      | 6676 ||| FLEEEEING.
  6677 | D:8      | 6677 ||| FLEEEEING.
  6678 | D:8      | 6678 ||| FLEEEEING.
  6679 | D:8      | 6679 ||| FLEEEEING.
  6680 | D:8      | 6680 ||| FLEEEEING.
  6681 | D:8      | 6681 ||| STAIRDANCE
  6695 | D:7      | 6695 ||| READING scroll labelled PUERGHO EMYXKA.
  6706 | D:8      | 6706 ||| STAIRDANCE
  6769 | D:8      | 6769 ||| INVOKING Fiery Armour.
  6770 | D:8      | HP: 14/82 [poisoned by Amaemon]
  6770 | D:8      | HP: 4/82 [Amaemon/+0 demon whip of venom (5)]
  6771 | D:8      | 6771 ||| READING 4 scrolls of teleportation.
  6771 | D:8      | Succumbed to Amaemon's poison

Levels and vault maps discovered:
D:1:      erik_arrival_cave_to_civilisation [erik_arrival_cave_to_hall],
          layout_loops_ring, shapermc_ecumenical_altar_mp_vishouse,
          minmay_misc_feat_iff, st_stairs_1, nrook_loot_triangle
D:2:      layout_basic, solitary_fountain
D:3:      layout_basic, mainiacjoe_overflow_six_doors_small,
          lemuel_doored_altar, minivault_24
D:4:      layout_cave_pods, ashenzari_altar_1, kennysheep_mini,
          minmay_temple_entry_butterflies, uniq_duvessa, uniq_menkaure
D:5:      layout_loops_ring, fedhas_bush_and_centaur_altar
D:6:      layout_loops_ring
D:7:      statuecave_lemuel, layout_basic, okawaru_trees_1,
          amcnicky_altar_gilded, kennysheep_doodads
D:8:      layout_cave_pods, nicolae_overflow_hidden_temple,
          mainiacjoe_overflow_small_starburst, special_room
          [special_room_kobold], eino_jars, uniq_amaemon, uniq_joseph

Skill      XL: |  1  2  3  4  5  6  7  8  9 |
---------------+----------------------------+-----
Unarmed Combat | 4 5 6 7 8 9 10 12 | 12.0
Throwing       | 2 3 |  3.0
Fighting       | 3 4 5 |  5.0
Dodging        | 1 2 |  2.3
Spellcasting   | |  1.0
Fire Magic     | |  2.1

Action                   |  1- 3 |  4- 6 |  7- 9 || total
-------------------------+-------+-------+-------++-------
Melee: Unarmed           |   116 |    92 |   171 ||   379
       Punch             |     1 |     2 |     4 ||     7
Throw: Javelin           |       |       |    39 ||    39
Invok: Fiery Armour      |       |     1 |     5 ||     6
  Use: Scroll            |     5 |       |    10 ||    15
       Potion            |     2 |     2 |     4 ||     8
 Stab: Distracted        |       |       |     1 ||     1
Armor: Robe              |    41 |    47 |    36 ||   124
Dodge: Dodged            |    31 |    40 |    77 ||   148

Table legend:
 A = Non-vault XP
 B = Vault XP
 C = Vault XP percentage of total XP
 D = Non-vault monster count
 E = Vault monster count
 F = Vault count percentage of total count
                 A         B        C        D         E       F
            +---------+---------+-------+---------+---------+-------
      Total |    3321 |    1357 |  29.0 |     129 |      10 |   7.2
            +---------+---------+-------+---------+---------+-------
        D:1 |      42 |       7 |  14.3 |      23 |       4 |  14.8
        D:2 |      45 |       0 |   0.0 |      14 |       0 |   0.0
        D:3 |     183 |       0 |   0.0 |      21 |       0 |   0.0
        D:4 |     216 |     492 |  69.5 |      17 |       4 |  19.0
        D:5 |     410 |       0 |   0.0 |      15 |       0 |   0.0
        D:6 |     786 |       0 |   0.0 |      14 |       0 |   0.0
        D:7 |     648 |       0 |   0.0 |      10 |       0 |   0.0
        D:8 |     991 |     858 |  46.4 |      15 |       2 |  11.8
            +---------+---------+-------+---------+---------+-------
